 Dungeon Crawl Stone Soup version 0.27-a0-46-g34d46f0a3f (webtiles) character file.

Game seed: 1301756108460929553

5224 hehateme the Geomancer (level 10, 0/68 HPs)
             Began as a Kobold Earth Elementalist on Jan 6, 2021.
             Was a Follower of Ashenzari.
             Slain by Snorg (17 damage)
             ... on level 10 of the Dungeon.
             The game lasted 00:47:14 (20170 turns).

hehateme the Geomancer (Kobold Earth Elementalist) Turns: 20170, Time: 00:47:15

Health: 0/68       AC: 12    Str: 14    XL:     10   Next: 92%
Magic:  17/17      EV: 15    Int: 19    God:    Ashenzari [*.....]
Gold:   500        SH:  0    Dex: 16    Spells: 15/19 levels left

rFire    . . .     SeeInvis .   s - +0 quarterstaff
rCold    + . .     Faith    .   (shield currently unavailable)
rNeg     . . .     Spirit   .   O - +3 leather armour (curse)
rPois    .         Reflect  .   A - +0 helmet (curse)
rElec    .         Harm     .   x - +0 cloak
rCorr    .         Rampage  .   (no gloves)
Will     .....                  (no boots)
Stlth    +++.......             (no amulet)
HPRegen  0.21/turn              u - +4 ring of protection
MPRegen  0.15/turn              H - +6 ring of strength (curse)

@: hasted, very quick
A: small, clever 1, cold resistance 1, nightstalker 3
a: Renounce Religion, Curse Item, Scrying


You were on level 10 of the Dungeon.
You worshipped Ashenzari.
Ashenzari was aware of your devotion.
You visited 2 branches of the dungeon, and saw 11 of its levels.

You collected 500 gold pieces.

Inventory:

Hand Weapons
 b - a +0 club
 g - a +1 vampiric dagger
 q - the +0 trident of the Hidden Visionaries {drain, +Inv}
   (You found it on level 8 of the Dungeon)

   A truly terrible weapon, it drains the life of those it strikes.
   It lets you turn invisible.
 s - a +0 quarterstaff (weapon)
Missiles
 f - 12 boomerangs
 k - a curare-tipped dart
 l - 93 sling bullets
 t - 73 arrows
 E - 22 poisoned darts
 F - 51 bolts
 Q - 24 stones
Armour
 c - a +0 robe
 p - a +0 leather armour
 x - a +0 cloak (worn)
 A - a cursed +0 helmet (worn)
 M - a scarf of shadows
 O - a cursed +3 leather armour (worn)
Jewellery
 e - an uncursed amulet of magic regeneration
 u - a +4 ring of protection (left hand)
 C - an uncursed ring of resist corrosion
 H - a cursed +6 ring of strength (right hand)
Scrolls
 a - 7 scrolls of fog
 d - 5 scrolls of remove curse
 h - 4 scrolls of enchant armour {unknown}
 i - 5 scrolls of identify
 m - 3 scrolls of amnesia
 n - 6 scrolls of teleportation {unknown}
 o - a scroll of random uselessness {unknown}
 r - 4 scrolls of immolation {unknown}
 y - 2 scrolls of blinking {unknown}
 J - a scroll of magic mapping {unknown}
 N - a scroll of fear {unknown}
 P - a scroll of enchant weapon {unknown}
Potions
 j - a potion of might
 v - 4 potions of ambrosia
 z - 2 potions of magic
 B - 3 potions of degeneration {unknown}
 D - a potion of haste
 G - a potion of flight
 I - 3 potions of lignification {unknown}
 K - 3 potions of curing
 L - a potion of resistance
Miscellaneous
 w - a lightning rod (4/4)


   Skills:
 + Level 10.0 Fighting
 - Level 2.4 Dodging
 - Level 2.6 Stealth
 * Level 5.1 Spellcasting
 - Level 4.2 Conjurations
 - Level 1.0 Transmutations
 - Level 10.8 Earth Magic


You had 15 spell levels left.
You knew the following spells:

 Your Spells              Type           Power        Failure   Level
a - Sandblast             Erth           92%          1%          1
x - Stone Arrow           Conj/Erth      66%          1%          3

Your spell library contained the following spells:

 Spells                   Type           Power        Failure   Level
 Passwall                 Tmut/Erth      22%          1%          2
 Lee's Rapid Deconstruct  Erth           23%          4%          5
 Petrify                  Tmut/Erth      27%          14%         4
 Confusing Touch          Hex            4%           43%         3
 Gell's Gravitas          Tloc           2%           43%         3
 Yara's Violent Unravell  Hex/Tmut       3%           98%         5
 Metabolic Englaciation   Hex/Ice        2%           99%         5


Dungeon Overview and Level Annotations

Branches:
Dungeon (10/15)            Temple (1/1) D:4
   Lair: D:8-11         Orc: D:9-12

Altars:
Ashenzari
Dithmenos
Elyvilon
Fedhas
Gozag
Hepliaklqana
Kikubaaqudgha
Makhleb
Okawaru
Qazlal
Ru
Trog
Uskayaw
Wu Jian
Xom
Yredelemnul
Zin
The Shining One

Shops:
D:4 (   D:5 :   D:6 [(}:

Annotations:
D:4 exclusion: phantom, Natasha
D:5 Edmund
D:7 exclusion: two-headed ogre
D:9 2 transporters, hehateme's ghost, novice KoGl
D:10 exclusion: door, Snorg


Innate Abilities, Weirdness & Mutations

You are small and have problems with some larger weapons.
You are completely attuned to the shadows.
Your mind is acute. (Int +2)
Your flesh is cold resistant. (rC+)


Message History

Okay, then.
Snorg barely misses you. Snorg claws you. Snorg barely misses you.
Snorg bites you! Snorg barely misses you. x2
You take 16 damage, and have 52/68 hp.
GAME OVER YEAH!!
You feel yourself speed up. Snorg bites you but does no damage.
Snorg closely misses you. Snorg claws you!
You take 10 damage, and have 42/68 hp.
Snorg bites you!
* * * LOW HITPOINT WARNING * * *
Snorg completely misses you. Snorg barely misses you.
You take 9 damage, and have 33/68 hp.
There is an open door here.
There is an open door here.
There is an open door here.
There is a stone staircase leading up here.
Snorg bites you!!
* * * LOW HITPOINT WARNING * * *
Snorg claws you!
You die...

######## .......#
##########
.......###........#
.......'.#........#
.......#.#........#
..=....#.'........#
.......###.....T@.#
.......# #........#
.......# #######+##
####'### ##.# #..##
#..# ##..# #.##
##.# #+# #.# {o..{
#'# .....

Skill      XL: |  1  2  3  4  5  6  7  8  9 10 |
---------------+-------------------------------+-----
Fighting       | 1 2 3 4 7 8 10 | 10.0
Earth Magic    | 4 5 6 7 9 10 | 10.8
Conjurations   | 4 |  4.2
Spellcasting   | 5 |  5.1
Dodging        | |  2.4
Stealth        | |  2.6
Transmutations | |  1.0

Notes
Turn   | Place    | Note
-------+----------+-------------------------------------------
     0 | D:1      | hehateme the Kobold Earth Elementalist began the quest for
                  | the Orb.
     0 | D:1      | Reached XP level 1. HP: 10/10 MP: 3/3
   117 | D:1      | Reached XP level 2. HP: 13/16 MP: 0/5
   264 | D:1      | Reached skill level 1 in Fighting
   494 | D:1      | Reached XP level 3. HP: 20/20 MP: 3/6
  1065 | D:1      | Reached skill level 4 in Earth Magic
  1132 | D:2      | Found a broken altar of Ashenzari.
  1178 | D:2      | HP: 5/20 [leopard gecko (4)]
  1421 | D:2      | Learned a level 3 spell: Stone Arrow
  1507 | D:2      | Reached XP level 4. HP: 26/26 MP: 7/7
  1808 | D:2      | Reached skill level 2 in Fighting
  2415 | D:2      | Reached XP level 5. HP: 31/31 MP: 6/8
  3315 | D:3      | Reached skill level 5 in Earth Magic
  3822 | D:4      | Reached skill level 3 in Fighting
  3901 | D:4      | Reached XP level 6. HP: 37/37 MP: 6/9
  4107 | D:4      | Found Okhioj's Weapon Boutique.
  4556 | D:4      | Found a staircase to the Ecumenical Temple.
  4562 | Temple   | Entered the Ecumenical Temple
  4947 | D:2      | Became a worshipper of Ashenzari the Shackled
  5265 | D:4      | Noticed a phantom
  5279 | D:4      | Noticed Natasha
  5663 | D:5      | Entered Level 5 of the Dungeon
  5730 | D:5      | Reached skill level 6 in Earth Magic
  6003 | D:5      | Noticed an ogre
  6113 | D:5      | Reached XP level 7. HP: 42/42 MP: 6/10
  6216 | D:5      | Reached skill level 4 in Fighting
  6407 | D:5      | Noticed Edmund
  6628 | D:5      | Found Gites's Book Shoppe.
  7400 | D:6      | Reached skill level 7 in Earth Magic
  7460 | D:6      | Found a blossoming altar of Fedhas.
  7540 | D:6      | Found an ancient bone altar of Kikubaaqudgha.
  7591 | D:6      | Found Gelywa's Book Emporium.
  7632 | D:6      | Reached * piety under Ashenzari
  7794 | D:6      | HP: 5/44 [ogre/+0 giant club (21)]
  8161 | D:5      | Reached XP level 8. HP: 29/48 MP: 2/11
  8298 | D:6      | Reached skill level 5 in Fighting
  8298 | D:6      | Reached skill level 1 in Conjurations
  8524 | D:6      | Found Sijosep's Gadget Boutique.
  8831 | D:5      | HP: 8/49 [orc warrior/+0 flail (22)]
  8909 | D:5      | HP: 11/49 [orc warrior/+0 flail (10)]
  9029 | D:5      | HP: 12/49 [orc warrior/+0 flail (9)]
  9348 | D:5      | Reached skill level 2 in Conjurations
 10022 | D:6      | Noticed Eustachio
 10038 | D:6      | Killed Eustachio
 10039 | D:6      | Reached skill level 6 in Fighting
 10039 | D:6      | Reached skill level 3 in Conjurations
 10669 | D:6      | Found Veskeqy's Weapon Boutique.
 10845 | D:6      | Noticed a troll
 10972 | D:6      | HP: 13/52 [poisoned by a killer bee]
 10978 | D:6      | HP: 11/52 [poisoned by a killer bee]
 10983 | D:6      | HP: 10/52 [poisoned by a killer bee]
 10991 | D:6      | HP: 9/52 [poisoned by a killer bee]
 11303 | D:6      | Found Quhuxia's Armour Shoppe.
 11343 | D:6      | Reached skill level 4 in Conjurations
 11584 | D:6      | Reached skill level 7 in Fighting
 11584 | D:6      | Reached XP level 9. HP: 57/57 MP: 9/12
 11767 | D:7      | Reached skill level 8 in Earth Magic
 12494 | D:7      | Noticed a two-headed ogre
 13279 | D:8      | HP: 12/59 [orc priest/divine providence (10)]
 13304 | D:8      | HP: 14/59 [orc/+0 whip (2)]
 13612 | D:8      | Found an ornate altar of the Wu Jian Council.
 13776 | D:8      | Reached skill level 8 in Fighting
 13776 | D:8      | Reached skill level 9 in Earth Magic
 13932 | D:8      | HP: 14/59 [killer bee (5)]
 13936 | D:8      | Gained mutation: Your flesh is cold resistant. (rC+)
                  | [potion of mutation]
 13936 | D:8      | Gained mutation: Your mind is acute. (Int +2) [potion of
                  | mutation]
 13939 | D:8      | HP: 8/59 [poisoned by a killer bee]
 13940 | D:8      | HP: 2/59 [killer bee (6)]
 13946 | D:8      | HP: 7/59 [poisoned by a killer bee]
 13951 | D:8      | HP: 5/59 [poisoned by a killer bee]
 13957 | D:8      | HP: 4/59 [poisoned by a killer bee]
 13965 | D:8      | HP: 3/59 [poisoned by a killer bee]
 14785 | D:8      | Got the trident of the Hidden Visionaries {drain, +Inv}
 14796 | D:8      | Found a glowing silver altar of Zin.
 14921 | D:8      | Reached XP level 10. HP: 42/65 MP: 2/13
 15227 | D:9      | Found a hazy altar of Hepliaklqana.
 15370 | D:9      | Found a transporter.
 15373 | D:9      | Noticed hehateme's ghost (novice KoGl)
 15378 | D:9      | Identified the +3 dire flail of Gawaewiq {venom, +Fly rElec
                  | Str-2}
 15378 | D:9      | Noticed a two-headed ogre
 15381 | D:9      | Found a transporter.
 15419 | D:9      | Reached skill level 10 in Earth Magic
 15577 | D:9      | Identified a lightning rod (4/4)
 15637 | D:9      | Reached skill level 9 in Fighting
 16156 | D:8      | HP: 15/66 [yak (12)]
 16911 | D:8      | HP: 7/66 [wyvern (15)]
 18399 | D:8      | Reached skill level 3 in Spellcasting
 18970 | D:9      | Found an opulent altar of Gozag.
 18970 | D:9      | Found a basalt altar of Yredelemnul.
 19302 | D:9      | Noticed Joseph
 19347 | D:9      | Killed Joseph
 19348 | D:9      | Reached skill level 4 in Spellcasting
 19777 | D:10     | Entered Level 10 of the Dungeon
 19845 | D:9      | Reached skill level 10 in Fighting
 20027 | D:10     | Reached skill level 5 in Spellcasting
 20146 | D:10     | Noticed Snorg
 20170 | D:10     | HP: 17/68 [Snorg (19)]
 20170 | D:10     | Slain by Snorg

Table legend: (Time is in decaauts)
 A = Elapsed time spent in this place.
 B = Non-inter-level travel time spent in this place.
 C = Inter-level travel time spent in this place.
 D = Time resting spent in this place.
 E = Time spent auto-exploring this place.
 F = Levels seen in this place.
 G = Mean time per level.
                   A        B        C        D        E       F      G
               +--------+--------+--------+--------+--------+-----+--------+
         Total |  20265 |  19470 |    795 |   7030 |   9209 |  11 | 1842.3 |
       Dungeon |  19968 |  19200 |    768 |   7030 |   8940 |  10 | 1996.8 |
        Temple |    296 |    269 |     27 |      0 |    269 |   1 |  296.0 |
               +--------+--------+--------+--------+--------+-----+--------+

Top non-repeatable levels by time:
     D:8: 4024 daAuts
     D:5: 3180 daAuts
     D:9: 2745 daAuts
     D:6: 2611 daAuts
     D:4: 1891 daAuts
     D:2: 1675 daAuts
     D:7: 1359 daAuts
     D:1: 1112 daAuts
     D:3: 1093 daAuts
  Temple: 296 daAuts
    D:10: 274 daAuts

Table legend:
 A = Kills in this place as a percentage of kills in entire the game.
 B = Kills by you in this place as a percentage of kills by you in the entire game.
 C = Kills by friends in this place as a percentage of kills by friends in the entire game.
 D = Other kills in this place as a percentage of other kills in the entire game.
 E = Experience gained in this place as a percentage of experience gained in the entire game.
 F = Experience gained in this place divided by the number of levels of this place that you have seen.
                   A       B       C       D       E      F
               +-------+-------+-------+-------+-------+----------------------
         Total | 100.0 | 100.0 |   N/A |   N/A | 100.0 | 678.5
       Dungeon | 100.0 | 100.0 |   N/A |   N/A | 100.0 | 746.3
               +-------+-------+-------+-------+-------+----------------------

Action                   |  1- 3 |  4- 6 |  7- 9 | 10-12 || total
-------------------------+-------+-------+-------+-------++-------
Melee: Dagger            |    43 |    27 |       |       ||    70
       Quarterstaff      |       |    88 |   171 |    16 ||   275
Throw: Dart              |       |       |     3 |     9 ||    12
       Boomerang         |       |       |     1 |       ||     1
 Cast: Sandblast         |    31 |    54 |    32 |    17 ||   134
       Stone Arrow       |       |     4 |   125 |   106 ||   235
Invok: Curse Item        |       |       |       |     1 ||     1
Evoke: Wand              |       |       |     9 |       ||     9
  Use: Potion            |       |       |     7 |     3 ||    10
       Scroll            |       |       |       |     2 ||     2
 Stab: Sleeping          |     8 |     6 |     1 |       ||    15
Armor: Robe              |     5 |     6 |       |       ||    11
       Leather armour    |       |    15 |   123 |    23 ||   161
Dodge: Dodged            |    33 |   134 |   291 |    85 ||   543

Vanquished Creatures
  Joseph (D:9)
  A wraith (D:10)
  A wyvern (D:8)
  7 yaks
  Eustachio (D:6)
  A steam dragon (D:8)
  A water moccasin (D:6)
  3 orc warriors
  A sky beast (D:9)
  2 ice beasts
  A phantom (D:8)
  3 ogres
  2 big kobolds
  4 bullfrogs
  3 scorpions
  9 killer bees
  A bullfrog zombie (D:8)
  2 hounds
  2 centaur skeletons
  2 jellies
  8 orc priests
  A bullfrog skeleton (D:9)
  2 iguanas
  12 orc wizards
  6 worker ants
  A hound skeleton (D:7)
  2 worker ant zombies (D:5)
  8 adders
  12 gnolls
  A shadow imp (D:5)
  5 white imps
  An ufetubus (D:5)
  An ooze (D:3)
  3 adder skeletons
  A worm (D:2)
  3 dart slugs
  6 leopard geckos
  36 orcs
  2 ball pythons
  4 giant cockroaches
  11 goblins
  10 hobgoblins
  6 jackals
  14 kobolds
  5 quokkas
  5 bats
  5 frilled lizards
  A leopard gecko skeleton (D:5)
  5 rats
225 creatures vanquished. You could see Snorg (berserk).

Levels and vault maps discovered:
D:1:      saegor_arrival_simple_c, layout_basic, minmay_pentomino_q4
D:2:      layout_basic, evilmike_ruin_ashenzari, corner_web_ring,
          hangedman_decor_push
D:3:      layout_basic, corexii_item_surrounded_by_moat
D:4:      layout_loops_corners, minmay_temple_entry_wispy, serial_shops, shop,
          dk_rats_in_the_wall, uniq_natasha
D:5:      layout_gridville, serial_shops, shop, uniq_edmund
D:6:      layout_layer_cave, grunt_temple_overflow_cloverleaf, kennysheep_mini,
          lemuel_round_altar, serial_shops, shop_fountains,
          kennysheep_little_box, shop, shop_fountains, uniq_eustachio,
          uniq_menkaure
D:7:      layout_loops_ring
D:8:      layout_basic, nicolae_overflow_crystal_walls, zin_treasury,
          nicolae_ossuary_entry_plus, kennysheep_generic_room_3
D:9:      layout_roguey, kennysheep_mini_moat, gammafunk_temple_overflow_statue,
          gammafunk_ghost_smash, minmay_misc_feat_five, uniq_joseph
D:10:     layout_roguey, nicolae_underground_beach, uniq_snorg, uniq_erica
Temple:   dpeg_chambers_temple
